 Dungeon Crawl Stone Soup version 0.27-a0-1189-gb8eb6cee8e (webtiles) character file.

Game seed: 18264871481152578049

81564 jasper the Warrior (level 16, -3/141 HPs)
             Began as a Human Gladiator on May 22, 2021.
             Was an Initiate of Gozag.
             Slain by a skeletal warrior
             ... wielding a +0 trident
             ... led by a skeletal warrior
              (13 damage)
             ... on level 15 of the Dungeon.
             The game lasted 00:45:44 (32900 turns).

jasper the Warrior (Human Gladiator)               Turns: 32900, Time: 00:45:45

Health: -3/141     AC: 22    Str: 22    XL:     16   Next: 18%
Magic:  16/16      EV: 13    Int: 12    God:    Gozag
Gold:   6414       SH:  0    Dex: 25    Spells: 15/15 levels left

rFire    . . .     SeeInvis .   a - +1 quarterstaff (freeze)
rCold    . . .     Faith    .   (shield currently unavailable)
rNeg     . . .     Spirit   .   d - +7 chain mail of Winter {Drain Str-4 Dex+5 Stlth+}
rPois    .         Reflect  .   j - +2 helmet
rElec    .         Harm     .   u - +0 cloak
rCorr    .         Rampage  .   L - +0 pair of gloves
Will     +....                  (no boots)
Stlth    +.........             U - amulet of Cemon {Contam Regen+ Str+4 Int+3 Stlth+}
HPRegen  1.33/turn              v - +6 ring of strength
MPRegen  0.15/turn              r - +4 ring of slaying

@: gold aura
A: no striking features
a: Renounce Religion, Potion Petition, Call Merchant, Bribe Branch


You were on level 15 of the Dungeon.
You worshipped Gozag.
Gozag was greatly pleased with you.
You visited 4 branches of the dungeon, and saw 24 of its levels.
You visited the Abyss 1 time.

You collected 6949 gold pieces.
You spent 420 gold pieces at shops.
You paid 115 gold pieces to Gozag.

Inventory:

Hand Weapons
 a - a +1 quarterstaff of freezing (weapon)
 D - the +9 hunting sling "Goblinbane" {vorpal, Int+4}
   (You acquired it on level 7 of the Dungeon)

   Any stone fired from it inflicts extra damage.
   It affects your intelligence (+4).
Missiles
 f - 2 throwing nets
 g - 505 stones
 t - 40 sling bullets
 w - 31 poisoned darts (quivered)
 B - a curare-tipped dart
 O - 8 boomerangs of dispersal
Armour
 d - the +7 chain mail of Winter (worn) {Drain Str-4 Dex+5 Stlth+}
   (You found it on level 4 of the Dungeon)

   It affects your strength (-4).
   It affects your dexterity (+5).
   It drains your maximum health when unequipped.
   It makes you more stealthy.
 j - a +2 helmet (worn)
 u - a +0 cloak (worn)
 L - a +0 pair of gloves (worn)
Jewellery
 r - a +4 ring of slaying (right hand)
 s - a ring of poison resistance
 v - a +6 ring of strength (left hand)
 M - a ring of protection from cold
 S - a ring of protection from fire
 U - the amulet of Cemon (around neck) {Contam Regen+ Str+4 Int+3 Stlth+}
   (You acquired it on level 14 of the Dungeon)

   [amulet of regeneration]

   It affects your strength (+4).
   It affects your intelligence (+3).
   It causes magical contamination when unequipped.
   It increases your rate of health regeneration.
   It makes you more stealthy.
Wands
 b - a wand of iceblast (22)
 l - a wand of flame (82)
 x - a wand of mindburst (8)
 z - a wand of charming (6)
 P - a wand of acid (12)
 Q - a wand of paralysis (11)
 R - a wand of polymorph (15)
Scrolls
 m - 11 scrolls of teleportation
 o - 3 scrolls of summoning
 q - a scroll of identify
 y - 2 scrolls of fog
 G - a scroll of blinking
 I - 2 scrolls of vulnerability
 J - a scroll of fear
 K - 3 scrolls of enchant armour
 N - 6 scrolls of amnesia
Potions
 c - 2 potions of heal wounds
 e - a potion of lignification
 h - 7 potions of curing
 i - 4 potions of ambrosia
 k - 4 potions of brilliance
 p - 5 potions of flight
 A - 3 potions of mutation
 C - 3 potions of might
 F - 2 potions of attraction
 H - 3 potions of haste
 V - 4 potions of magic
 X - 4 potions of invisibility
 Y - 2 potions of cancellation
 Z - a potion of resistance
Miscellaneous
 n - a lightning rod (3/4)
 T - a phantom mirror (inert)
 W - a box of beasts


   Skills:
 + Level 17.4 Fighting
 - Level 14.0 Staves
 - Level 11.9(12.0) Slings
 - Level 2.0(8.0) Throwing
 - Level 6.0 Armour
 - Level 8.0 Dodging


You had 15 spell levels left.
You didn't know any spells.
Your spell library contained the following spells:

 Spells                   Type           Power      Damage    Failure   Level
 Animate Skeleton         Necr           0%         N/A       94%         1
 Apportation              Tloc           0%         N/A       94%         1
 Corona                   Hex            0%         N/A       94%         1
 Foxfire                  Conj/Fire      0%         2x1d4     94%         1
 Pain                     Necr           0%         1d4       94%         1
 Summon Small Mammal      Summ           0%         N/A       94%         1
 Slow                     Hex            0%         N/A       98%         2
 Conjure Flame            Conj/Fire      0%         6-21      100%        3
 Inner Flame              Hex/Fire       0%         N/A       100%        3
 Portal Projectile        Hex/Tloc       0%         N/A       100%        3
 Stone Arrow              Conj/Erth      0%         3d7       100%        3
 Vampiric Draining        Necr           0%         2d6       100%        3
 Animate Dead             Necr           0%         N/A       100%        4
 Cause Fear               Hex            0%         N/A       100%        4
 Leda's Liquefaction      Hex/Erth       0%         N/A       100%        4
 Sticky Flame             Conj/Fire      0%         2d3       100%        4
 Agony                    Necr           0%         N/A       100%        5
 Bolt of Magma            Conj/Fire/Erth 0%         4d4       100%        5
 Fireball                 Conj/Fire      0%         3d3       100%        5
 Hydra Form               Tmut           0%         N/A       100%        5
 Spellforged Servitor     Conj/Summ      0%         N/A       100%        7


Dungeon Overview and Level Annotations

Branches:
Dungeon (15/15)            Temple (1/1) D:7            Lair (6/6) D:10
  Swamp (0/4) Lair:4       Spider (0/4) Lair:2        Slime (0/5) Lair:6
    Orc (2/2) D:10            Elf (0/3) Orc:2        Vaults (0/5) D:14
 Depths: D:15

Altars:
Ashenzari
Fedhas
Gozag
Hepliaklqana
Kikubaaqudgha
Okawaru
Qazlal
Trog
Uskayaw
Vehumet
Wu Jian
Yredelemnul
Zin
Beogh
Jiyva

Shops:
D:9 *   Orc:2 [!((

Annotations:
D:9 3 runed translucent doors, exclusion: obsidian statue, Cheivey's ghost, novice DDFi
Lair:1 exclusion: oklob plant
Lair:4 exclusion: oklob plant
Lair:6 1 runed translucent door
Orc:2 3 runed translucent doors, robertstho's ghost, journeyman MiBe


Message History

The skeletal warrior hits you but does no damage.
Aiming: Corrosive Bolt
Press: ? - help, Shift-Dir - straight line, f - skeletal warrior, p - Nessos
Aim: a skeletal warrior, wielding a +0 trident (moderately damaged, 71% to hit)
The bolt of acid hits the skeletal warrior!
The skeletal warrior is splashed with acid.
The skeletal warrior is heavily damaged.
The bolt of acid hits the skeletal warrior.
The skeletal warrior is splashed with acid.
The skeletal warrior is almost destroyed.
The skeletal warrior hits you but does no damage.
You regained 2 hp, and now have 18/141 hp.
Aiming: Corrosive Bolt
Press: ? - help, Shift-Dir - straight line, f/p - skeletal warrior
Aim: a skeletal warrior, wielding a +0 trident (heavily damaged, 71% to hit)
The bolt of acid hits the skeletal warrior!
The skeletal warrior is splashed with acid.
The acid corrodes the skeletal warrior!
The skeletal warrior is severely damaged.
The bolt of acid hits the skeletal warrior but does no damage.
The skeletal warrior is almost destroyed.
Nessos is no longer distracted by gold.
Nessos blinks!
The skeletal warrior hits you from afar with a +0 trident!
* * * LOW HITPOINT WARNING * * *
You take 9 damage, and have 9/141 hp.
Aiming: Corrosive Bolt
Press: ? - help, Shift-Dir - straight line, f/p - skeletal warrior
Aim: a skeletal warrior, wielding a +0 trident (severely damaged, covered in acid, 71% to hit)
The bolt of acid hits the skeletal warrior!
The skeletal warrior is splashed with acid!
The skeletal warrior seems to be corroded for longer.
The skeletal warrior is almost destroyed.
The bolt of acid hits the skeletal warrior but does no damage.
The skeletal warrior is almost destroyed.
The bolt of acid hits Nessos!
Nessos is splashed with acid.
You kill Nessos!
The skeletal warrior becomes distracted by the nearby gold, dreaming of imaginary riches.
The skeletal warrior hits you from afar with a +0 trident!
You die...
Your body crumbles into a pile of gold.

.≈≈≈≈≈## #.# #.#
≈≈≈≈≈≈≈## #.# #.#
≈≈≈≈≈≈≈≈# #.# #.#
≈≈≈≈≈≈≈≈# #.# #.#
≈≈≈≈≈≈≈## #.# #.#
#≈≈≈≈≈########.# #.#
..≈≈≈..........# #.#
.##≈##############.#
.##.#.....§$.zz$@..#
..#.#.##############
..#^#( #.#.#z #.#.#z
#.[.#. ....#z ##..#c
##.#


You could see 2 skeletal warriors.

Vanquished Creatures
  Gastronok (Lair:2)
  Nessos (D:15)
  A dire elephant (Lair:6)
  A fire dragon (Lair:6)
  Josephine (D:10)
  4 vault guards (D:14)
  3 boulder beetles
  Harold (D:7)
  12 hydras
  7 centaur warriors
  5 catoblepae
  3 death yaks (Lair:6)
  A tengu warrior (D:13)
  2 skeletal warriors (D:15)
  A wizard (D:14)
  A swamp dragon (Lair:6)
  A necromancer (D:14)
  2 lindwurms
  2 orc knights
  A deep elf pyromancer (D:14)
  An orc sorcerer (Orc:1)
  4 cyclopes
  4 manticores
  2 ugly things (D:12)
  3 centaur zombies (D:10)
  7 elephants
  4 black mambas
  An apocalypse crab (Abyss:2)
  2 gargoyles (D:13)
  A torpor snail (Lair:5)
  11 cane toads
  An unseen horror (D:10)
  3 rime drakes
  15 komodo dragons
  An ice devil (Abyss:2)
  A freezing wraith (D:15)
  A polar bear (Lair:4)
  8 trolls
  2 dream sheep (Lair:6)
  7 blink frogs
  A large abomination (Abyss:2)
  A shadow (D:10)
  4 wraiths (D:10)
  Sigmund (D:6)
  44 yaks
  4 wyverns
  19 humans (D:14)
  A vampire (D:13)
  12 vampire mosquitoes
  3 basilisks
  3 steam dragons (Lair:6)
  2 wargs
  2 acid dragons
  7 water moccasins
  2 black bears
  A swamp drake (Lair:6)
  3 sky beasts
  A necrophage (D:3)
  31 orc warriors
  A hornet zombie (D:8)
  An ice beast (D:7)
  7 ogres
  22 centaurs
  45 wolves
  A phantom (D:7)
  2 kobold brigands
  Blork the orc (D:6)
  10 bullfrogs
  2 gnoll sergeants
  A killer bee (D:7)
  2 vampire bats (D:4)
  7 wights
  3 howler monkeys (D:8)
  2 hounds (D:5)
  A lava snake (Lair:4)
  4 bullfrog skeletons
  3 jellies
  10 orc priests
  Jessica (D:2)
  6 iguanas
  Terence (D:3)
  2 centaur skeletons (D:5)
  12 orc wizards
  2 killer bee zombies
  A hound skeleton (D:4)
  A howler monkey zombie (D:8)
  10 gnolls
  2 howler monkey skeletons
  13 adders
  An ufetubus (D:7)
  2 worms (D:2)
  5 dart slugs
  66 orcs
  5 bats
  4 bat skeletons (D:4)
  2 bat zombies (D:4)
  10 endoplasms
  6 giant cockroaches
  2 goblins
  7 hobgoblins
  11 jackals
  2 quokkas
  2 ball pythons (D:3)
  15 kobolds
  A rat (D:1)
589 creatures vanquished.

Vanquished Creatures (collateral kills)
  A rime drake (Lair:6)
1 creature vanquished.

Vanquished Creatures (others)
  31 fungi
  45 plants
76 creatures vanquished.

Grand Total: 666 creatures vanquished

Notes
Turn   | Place    | Note
-------+----------+-------------------------------------------
     0 | D:1      | jasper the Human Gladiator began the quest for the Orb.
     0 | D:1      | Reached XP level 1. HP: 16/16 MP: 1/1
     6 | D:1      | Noticed a servant of whispers
     6 | D:1      | Noticed a tyrant leech
     6 | D:1      | Noticed an iguana
     7 | D:1      | Noticed a fire giant
     7 | D:1      | Noticed a hell rat
   267 | D:1      | Reached XP level 2. HP: 22/22 MP: 2/2
   348 | D:1      | Found an iron altar of Okawaru.
   698 | D:1      | Reached XP level 3. HP: 6/27 MP: 3/3
  1187 | D:2      | Reached skill level 1 in Armour
  1278 | D:2      | Reached XP level 4. HP: 8/34 MP: 4/4
  1992 | D:2      | Found an ornate altar of the Wu Jian Council.
  2102 | D:2      | Noticed Jessica
  2113 | D:2      | Killed Jessica
  2132 | D:2      | Reached XP level 5. HP: 29/39 MP: 5/5
  2766 | D:3      | Noticed Terence
  2776 | D:3      | Killed Terence
  2777 | D:3      | Reached skill level 3 in Fighting
  3121 | D:3      | Found a faded altar of an unknown god.
  3170 | D:3      | Noticed a necrophage
  3193 | D:3      | Killed a necrophage
  3194 | D:3      | Reached XP level 6. HP: 46/47 MP: 6/6
  3394 | D:3      | Reached skill level 5 in Staves
  3769 | D:4      | Reached XP level 7. HP: 52/52 MP: 7/7
  3828 | D:4      | Identified the +7 chain mail of Winter {Drain Str-4 Dex+5
                  | Stlth+}
  4366 | D:4      | Found an ancient bone altar of Kikubaaqudgha.
  4620 | D:4      | Found Sizosm's Antique Armour Emporium.
  4809 | D:5      | Entered Level 5 of the Dungeon
  5233 | D:5      | Reached skill level 4 in Fighting
  5244 | D:5      | Reached XP level 8. HP: 60/60 MP: 8/8
  6184 | D:6      | Reached skill level 5 in Dodging
  6702 | D:6      | Noticed Sigmund
  6722 | D:6      | Killed Sigmund
  6723 | D:6      | Reached skill level 5 in Fighting
  6723 | D:6      | Reached XP level 9. HP: 68/68 MP: 9/9
  7084 | D:6      | Noticed Blork the orc
  7092 | D:6      | Killed Blork the orc
  7538 | D:7      | Reached skill level 5 in Armour
  7733 | D:7      | Found a staircase to the Ecumenical Temple.
  7748 | Temple   | Entered the Ecumenical Temple
  7774 | Temple   | Became a worshipper of Gozag Ym Sagoz the Greedy
  7824 | D:7      | Noticed Harold
  7838 | D:7      | Killed Harold
  7839 | D:7      | Reached skill level 6 in Fighting
  7839 | D:7      | Reached XP level 10. HP: 76/76 MP: 10/10
  8501 | D:7      | Identified a scroll of acquirement
  8501 | D:7      | Acquired the +9 hunting sling "Goblinbane" {vorpal, Int+4}
  9036 | D:8      | Noticed a centaur warrior
  9054 | D:8      | Killed a centaur warrior
  9055 | D:8      | Reached skill level 7 in Fighting
  9055 | D:8      | Reached skill level 10 in Staves
 10166 | D:9      | Found a runed translucent gate.
 10168 | D:9      | Found a runed translucent gate.
 10168 | D:9      | Found an opulent altar of Gozag.
 10169 | D:9      | Noticed an obsidian statue
 10170 | D:9      | Found a runed translucent gate.
 10171 | D:9      | Noticed a gargoyle
 10171 | D:9      | Noticed Cheivey's ghost (novice DDFi)
 10171 | D:9      | Noticed a cyclops
 10173 | D:9      | Found Roid's Assorted Antiques.
 10455 | D:10     | Entered Level 10 of the Dungeon
 10525 | D:10     | Reached XP level 11. HP: 81/84 MP: 11/11
 10946 | D:10     | Found a staircase to the Orcish Mines.
 11046 | D:10     | Found a staircase to the Lair.
 11526 | D:10     | Reached skill level 8 in Fighting
 11555 | D:10     | Noticed Josephine
 11569 | D:10     | Killed Josephine
 12362 | D:10     | Reached skill level 9 in Fighting
 12999 | D:11     | Reached XP level 12. HP: 86/95 MP: 12/12
 13347 | D:11     | Noticed a six-headed hydra
 13352 | D:11     | Killed a six-headed hydra
 13799 | D:12     | Found an iron altar of Okawaru.
 13803 | D:12     | Noticed a boulder beetle
 13914 | Lair:1   | Entered Level 1 of the Lair of Beasts
 14587 | Lair:1   | Reached skill level 10 in Fighting
 14833 | Lair:1   | Noticed a six-headed hydra
 14846 | Lair:1   | Killed a six-headed hydra
 15372 | Lair:2   | Noticed Gastronok
 15394 | Lair:2   | Killed Gastronok
 15482 | Lair:2   | Found a hole to the Spider Nest.
 15742 | Lair:2   | Noticed a five-headed hydra
 15752 | Lair:2   | Killed a five-headed hydra
 15753 | Lair:2   | Reached XP level 13. HP: 85/105 MP: 13/13
 16720 | Lair:3   | Reached skill level 11 in Fighting
 16862 | Lair:3   | Reached skill level 5 in Slings
 17456 | Lair:4   | Noticed a four-headed hydra
 17459 | Lair:4   | Noticed a five-headed hydra
 17460 | Lair:4   | Noticed a six-headed hydra
 17472 | Lair:4   | Killed a four-headed hydra
 17487 | Lair:4   | Killed a six-headed hydra
 17493 | Lair:4   | Noticed a seven-headed hydra
 17514 | Lair:4   | Killed a seven-headed hydra
 18032 | Lair:4   | Found a staircase to the Swamp.
 18079 | Lair:4   | Noticed an eight-headed hydra
 18085 | Lair:4   | Killed an eight-headed hydra
 18262 | Lair:4   | Killed a five-headed hydra
 18269 | Lair:4   | Reached skill level 12 in Fighting
 18294 | Lair:4   | HP: 5/108 [komodo dragon (21)]
 19312 | Lair:5   | Noticed a five-headed hydra
 19317 | Lair:5   | Noticed a catoblepas
 19473 | Lair:5   | Killed a five-headed hydra
 19474 | Lair:5   | Reached XP level 14. HP: 115/115 MP: 14/14
 19692 | Lair:5   | Reached skill level 10 in Slings
 21812 | Lair:6   | Entered Level 6 of the Lair of Beasts
 22125 | Lair:6   | Reached skill level 13 in Fighting
 23153 | Lair:6   | Noticed a dire elephant
 23577 | Lair:6   | HP: 5/119 [dire elephant (26)]
 24023 | Lair:6   | Killed a dire elephant
 24192 | Lair:6   | Reached skill level 14 in Fighting
 24217 | Lair:6   | Reached XP level 15. HP: 75/126 MP: 15/15
 24679 | Lair:6   | Identified the Tome of the Road Less Travelled
 25045 | Lair:6   | Found a runed translucent door.
 25045 | Lair:6   | Found a viscous altar of Jiyva.
 25046 | Lair:6   | Found a staircase to the Slime Pits.
 25883 | Orc:1    | Entered Level 1 of the Orcish Mines
 26413 | Orc:2    | Entered Level 2 of the Orcish Mines
 26583 | Orc:2    | Found a runed translucent gate.
 26583 | Orc:2    | Found a runed translucent gate.
 26583 | Orc:2    | Found a runed translucent gate.
 26585 | Orc:2    | Noticed a stone giant
 26587 | Orc:2    | Noticed robertstho's ghost (journeyman MiBe)
 26591 | Orc:2    | Found an iron altar of Okawaru.
 26626 | Orc:2    | Found a staircase to the Elven Halls.
 26700 | Orc:2    | Reached skill level 15 in Fighting
 27827 | Orc:2    | Found Facoo's Antique Weapon Boutique.
 27827 | Orc:2    | Found Talo Puira's Distillery.
 27829 | Orc:2    | Found Izicse's Armour Emporium.
 27831 | Orc:2    | Found Peor's Antique Weapon Shop.
 28265 | Orc:2    | Bought a potion of might for 48 gold pieces
 28265 | Orc:2    | Bought a potion of invisibility for 96 gold pieces
 28265 | Orc:2    | Bought a potion of heal wounds for 60 gold pieces
 28265 | Orc:2    | Bought a potion of curing for 36 gold pieces
 28265 | Orc:2    | Bought a potion of might for 48 gold pieces
 28265 | Orc:2    | Bought a potion of lignification for 36 gold pieces
 28265 | Orc:2    | Bought a potion of cancellation for 96 gold pieces
 29780 | D:13     | Reached skill level 16 in Fighting
 31045 | D:14     | Found a radiant altar of Vehumet.
 31617 | D:14     | Found a glowing silver altar of Zin.
 32120 | D:14     | Acquired the amulet of Cemon {Contam Regen+ Str+4 Int+3
                  | Stlth+}
 32263 | D:14     | Found a gate to the Vaults.
 32303 | D:14     | Reached skill level 17 in Fighting
 32303 | D:14     | Reached XP level 16. HP: 32/141 MP: 16/16
 32442 | D:14     | Cast into level 2 of the Abyss (a wizard)
 32552 | D:14     | Escaped the Abyss
 32712 | D:15     | Entered Level 15 of the Dungeon
 32857 | D:15     | Noticed Nessos
 32900 | D:15     | Killed Nessos
 32900 | D:15     | Slain by a skeletal warrior

Illustrated notes

Levels and vault maps discovered:
D:1:      onia_arrival_zoo_common, layout_loops_ring, serial_aquarium,
          aquarium_bridge_straight [aquarium_subvault_bridge,
          aquarium_subvault_window, aquarium_subvault_bridge,
          aquarium_subvault_window], aquarium_bridge_square
          [aquarium_subvault_bridge, aquarium_subvault_bridge,
          aquarium_subvault_wall, aquarium_subvault_window], aquarium_window_2,
          aquarium_window_fake, aquarium_window_2, aquarium_view_2d,
          aquarium_pool_double, minmay_hexomino_r4
D:2:      layout_rooms, basic_altar, minmay_misc_feat_enclosed, uniq_jessica
D:3:      layout_basic, hellmonk_ecumenical_altar_crossroads, uniq_terence
D:4:      layout_basic, kennysheep_vampire_church, serial_shops, shop,
          serial_co_window_serial, co_window_paths_a, co_window_paths_a,
          co_window_paths_b, co_window_paths_a, co_window_corner_a,
          co_window_broadway_b, co_window_broadway_c, co_window_unsneaky_path_c,
          co_window_corner_b, co_window_broadway_a, glass_columns_c,
          glass_columns_a, glass_columns_a, glass_columns_a, st_stairs_2
D:5:      layout_loops_corners, minmay_strange_pillars
D:6:      layout_basic, st_stairs_12, serial_bayou_crossing, uniq_sigmund,
          uniq_blork_the_orc
D:7:      layout_loops_ring, temple_fountains, minmay_bent, uniq_harold
D:8:      layout_loops_cross
D:9:      layout_roguey, ebering_ghost_gozag
D:10:     layout_loops_corners, david_lair_shrubbed, david_orc_2,
          minmay_misc_feat_tower, dk_vineyard_3, uniq_josephine
D:11:     layout_irregular_city
D:12:     layout_basic, okawaru_gym_becter
D:13:     layout_basic, solitary_fountain
D:14:     layout_irregular_city, grunt_vaults_entry_tiered, lemuel_tele_altar,
          nicolae_vehumet_altar_sigil
D:15:     gammafunk_enter_depths_forms, layout_basic, st_stairs_1, tso_altar,
          uniq_nessos
Temple:   compressed_dpeg_circular_temple
Lair:1:   layout_big_grid, minmay_lair_oklob_items, infiniplex_staircase_pool
Lair:2:   layout_misc_corridors, dummy_spider_entry, uniq_gastronok
Lair:3:   layout_gridlike, minivault_19
Lair:4:   layout_gridlike, minmay_swamp_entry_swarm, lookout_lair_type,
          chequers_serial_rivers_small_a, grunt_forest_large_clearings,
          grunt_megastairs_3
Lair:5:   layout_small_grid
Lair:6:   guppyfry_lair_end_dragon, layout_regular_city,
          hangedman_lair_in_review, slime_altar_2, lemuel_fruit_fields
Orc:1:    layout_caves
Orc:2:    st_orc_rangers, layout_caves, gammafunk_ghost_fury_of_okawaru,
          minmay_orc_temple_a

Skill      XL: |  1  2  3  4  5  6  7  8  9 10 11 12 13 14 15 |
---------------+----------------------------------------------+-----
Armour         | 1 2 3 4 5 6 |  6.0
Staves         | 4 5 6 7 8 10 12 14 | 14.0
Fighting       | 3 4 5 6 7 9 10 12 14 17 | 17.4
Dodging        | 4 5 6 7 8 |  8.0
Slings         | 4 9 11 | 11.9
Throwing       | |  2.0

Action                   |  1- 3 |  4- 6 |  7- 9 | 10-12 | 13-15 | 16-18 || total
-------------------------+-------+-------+-------+-------+-------+-------++-------
Melee: Quarterstaff      |    60 |   148 |   282 |   442 |   693 |    73 ||  1698
       Hunting sling     |       |       |       |     1 |       |       ||     1
 Fire: Hunting sling     |       |       |       |   232 |  1043 |    23 ||  1298
Throw: Throwing net      |     2 |     2 |       |       |       |       ||     4
       Stone             |       |    37 |    60 |       |       |       ||    97
       Dart              |       |       |    34 |     4 |     6 |     4 ||    48
Evoke: Wand              |       |       |       |     1 |     7 |     5 ||    13
       Phantom mirror    |       |       |       |       |     1 |     1 ||     2
       Lightning rod     |       |       |       |       |       |     1 ||     1
  Use: Scroll            |     3 |     7 |     3 |    13 |     5 |       ||    31
       Potion            |     1 |       |     2 |     2 |     8 |       ||    13
 Stab: Sleeping          |     1 |       |       |       |       |       ||     1
       Held in net/web   |     1 |     1 |       |       |       |       ||     2
       Distracted        |       |       |       |     3 |     4 |     1 ||     8
       Invisible         |       |       |       |       |       |     5 ||     5
Armor: Leather armour    |    24 |     3 |       |       |       |       ||    27
       Skin              |     2 |       |    17 |    24 |       |       ||    43
       Scale mail        |       |    42 |     2 |       |       |       ||    44
       Chain mail        |       |       |   199 |   229 |   544 |    27 ||   999
Dodge: Dodged            |    37 |    57 |   109 |   180 |   486 |    31 ||   900

Table legend: (Time is in decaauts)
 A = Elapsed time spent in this place.
 B = Non-inter-level travel time spent in this place.
 C = Inter-level travel time spent in this place.
 D = Time resting spent in this place.
 E = Time spent auto-exploring this place.
 F = Levels seen in this place.
 G = Mean time per level.
                   A        B        C        D        E       F      G
               +--------+--------+--------+--------+--------+-----+--------+
         Total |  32189 |  31248 |    941 |   4403 |  22099 |  25 | 1287.6 |
       Dungeon |  18086 |  17509 |    577 |   2710 |  12014 |  15 | 1205.7 |
        Temple |     37 |     27 |     10 |      0 |     18 |   1 |   37.0 |
          Lair |  11342 |  11078 |    264 |    880 |   8709 |   6 | 1890.3 |
  Orcish Mines |   2623 |   2534 |     89 |    801 |   1350 |   2 | 1311.5 |
         Abyss |     99 |     99 |      0 |     11 |      8 |   1 |   99.0 |
               +--------+--------+--------+--------+--------+-----+--------+

Top non-repeatable levels by time:
  Lair:6: 3826 daAuts
    D:10: 2794 daAuts
  Lair:5: 2327 daAuts
  Lair:4: 1911 daAuts
   Orc:2: 1624 daAuts
     D:2: 1575 daAuts
     D:5: 1516 daAuts
    D:14: 1476 daAuts
    D:13: 1404 daAuts
     D:1: 1192 daAuts
     D:6: 1190 daAuts
  Lair:3: 1179 daAuts
     D:4: 1174 daAuts
  Lair:2: 1166 daAuts
     D:8: 1144 daAuts
